 Dungeon Crawl Stone Soup version 0.25-a0-1133-g93ebf739aa (webtiles) character file.

Game seed: 4637389062870417317, levelgen mode: deterministic

92 wullow the Shield-Bearer (level 4, -3/35 HPs)
             Began as a Demonspawn Fighter on May 21, 2020.
             Killed by nerve-wracking pain
             ... invoked by an orc priest
              (13 damage)
             ... on level 2 of the Dungeon.
             The game lasted 00:02:44 (2475 turns).

wullow the Shield-Bearer (Demonspawn Fighter)       Turns: 2475, Time: 00:02:45

Health: -3/35      AC:  9    Str: 17    XL:     4   Next: 35%
Magic:  4/4        EV: 11    Int: 10    God:
Gold:   117        SH:  0    Dex: 12    Spells: 3/3 levels left

rFire    . . .     SeeInvis .   a - +0 rapier
rCold    . . .     Gourm    .   c - +0 kite shield
rNeg     . . .     Faith    .   b - +0 scale mail
rPois    .         Spirit   .   (helmet restricted)
rElec    .         Reflect  .   A - +0 cloak
rCorr    .         Harm     .   (no gloves)
MR       .....                  (no boots)
Stlth    ..........             (no amulet)
HPRegen  0.11/turn              h - +4 ring of evasion
MPRegen  0.09/turn              (no ring)

@: confused, mighty
A: antennae 1, slimy green scales 1, demonic guardian 1
a: no special abilities


You were on level 2 of the Dungeon.
You were not hungry.

You visited 1 branch of the dungeon, and saw 3 of its levels.

You collected 117 gold pieces.

Inventory:

Hand Weapons
 a - a +0 rapier (weapon)
 i - a +0 dagger
 x - a +4 hunting sling
Missiles
 e - 46 stones (quivered)
 m - 31 sling bullets
 v - 45 bolts
Armour
 b - a +0 scale mail (worn)
 c - a +0 kite shield (worn)
 A - a +0 cloak (worn)
Jewellery
 h - a +4 ring of evasion (left hand)
Scrolls
 g - 5 scrolls of identify {unknown}
 j - a scroll of immolation {unknown}
 o - a scroll of fear {unknown}
 q - 2 scrolls of remove curse {unknown}
 s - a scroll of enchant armour {unknown}
 w - a scroll of amnesia {unknown}
 y - a scroll of enchant weapon {unknown}
Potions
 k - 2 potions of brilliance {unknown}
 l - 2 potions of curing {unknown}
 n - a potion of resistance {unknown}
 p - a potion of mutation {unknown}
 r - 2 potions of stabbing {unknown}
 t - a potion of lignification {unknown}
 u - a potion of heal wounds {unknown}
Comestibles
 f - 8 rations
 z - 2 chunks of flesh


   Skills:
 + Level 3.4 Fighting
 * Level 2.9 Short Blades
 - Level 3.0 Armour
 * Level 3.6 Shields


You had 3 spell levels left.
You didn't know any spells.
Your spell library was empty.

Dungeon Overview and Level Annotations

Branches:
Dungeon (3/15)

Altars:
Okawaru
Uskayaw
Wu Jian


Innate Abilities, Weirdness & Mutations

You have a pair of small antennae on your head.
You are partially covered in slimy green scales. (AC +2)
A weak demonic guardian rushes to your aid.


Message History

You block the orc priest's attack. Something hits you but does no damage.
Deactivating autopickup; reactivate with Ctrl-A.
The orc hits you but does no damage.
You hit the orc priest.
The orc priest is lightly wounded.
The orc priest mumbles some strange prayers to Beogh against you.
Beogh smites you!
* * * LOW HITPOINT WARNING * * *
Something completely misses you. You block the orc's attack.
You hit the orc priest but do no damage.
The orc priest is lightly wounded.
You block the orc priest's attack.
You hear some strange, mumbled words.
You are confused.
The orc hits you but does no damage.
Unknown command.
You feel very mighty all of a sudden.
The orc priest calls down the wrath of Beogh upon you.
Pain shoots through your body!
You die...

#.............# #####
#............## #....
#............# #.#..
#............####.#..
#............#....#..
#............#.####..
###..........#.# #..
##{#######.#.####..
#@or..............
##o....####.#.##..
#......###.#.##..
#..<...#.........
#......#.....##.#
#......#.........
##.....#.........
#.....###.......
#.....###.......


You could see an orc priest, an orc and a quokka.

Vanquished Creatures
  3 adders (D:2)
  An ooze (D:2)
  4 dart slugs
  A leopard gecko (D:1)
  An orc (D:2)
  3 bats
  A giant cockroach (D:2)
  4 goblins
  2 hobgoblins (D:2)
  3 ball pythons
  3 frilled lizards (D:2)
  2 kobolds
  7 rats
35 creatures vanquished.

Vanquished Creatures (collateral kills)
  Crazy Yiuf (D:2)
1 creature vanquished.

Grand Total: 36 creatures vanquished

Notes
Turn   | Place    | Note
-------+----------+-------------------------------------------
     0 | D:1      | wullow the Demonspawn Fighter began the quest for the Orb.
     0 | D:1      | Reached XP level 1. HP: 18/18 MP: 1/1
   432 | D:1      | Gained mutation: You have a pair of small antennae on your
                  | head. [demonic ancestry]
   432 | D:1      | Reached XP level 2. HP: 24/24 MP: 2/2
   969 | D:2      | Gained mutation: You are partially covered in slimy green
                  | scales. (AC +2) [demonic ancestry]
   969 | D:2      | Reached XP level 3. HP: 23/29 MP: 3/3
  1404 | D:2      | Found a runed translucent door.
  1405 | D:2      | Noticed Crazy Yiuf
  1459 | D:2      | Found a hide-covered altar of Uskayaw.
  1917 | D:2      | Gained mutation: A weak demonic guardian rushes to your
                  | aid. [demonic ancestry]
  1917 | D:2      | Reached XP level 4. HP: 35/35 MP: 4/4
  2021 | D:2      | Found an ornate altar of the Wu Jian Council.
  2142 | D:2      | Killed Crazy Yiuf
  2259 | D:3      | Found a faded altar of an unknown god.
  2259 | D:3      | Found an iron altar of Okawaru.
  2475 | D:2      | Killed from afar by an orc priest

Illustrated notes

Levels and vault maps discovered:
D:1:      dpeg_arrival_leaves_temple_mockup, layout_basic
D:2:      layout_basic, marbit_many_paths, eat_drink_and_be_merry_uskayaw,
          uniq_crazy_yiuf_cottage
D:3:      layout_loops_ring, overflow_temple_1_default, first_ration,
          chequers_ecumenical_altar_simple_redux

Skill      XL: |  1  2  3 |
---------------+----------+-----
Short Blades   | 2 |  2.9
Shields        | 3 |  3.6
Armour         | 3 |  3.0
Fighting       | |  3.4

Action                   |  1- 3 |  4- 6 || total
-------------------------+-------+-------++-------
Melee: Rapier            |   127 |    25 ||   152
Throw: Stone             |       |     3 ||     3
  Use: Potion            |       |     1 ||     1
  Eat: Chunk             |     3 |     2 ||     5
Armor: Scale mail        |    28 |     5 ||    33
Dodge: Dodged            |    51 |    14 ||    65
Block: Kite shield       |    58 |    11 ||    69

Table legend:
 A = Non-vault XP
 B = Vault XP
 C = Vault XP percentage of total XP
 D = Non-vault monster count
 E = Vault monster count
 F = Vault count percentage of total count
                 A         B        C        D         E       F
            +---------+---------+-------+---------+---------+-------
      Total |     102 |      30 |  22.7 |      34 |       2 |   5.6
            +---------+---------+-------+---------+---------+-------
        D:1 |      27 |       0 |   0.0 |      12 |       0 |   0.0
        D:2 |      75 |      30 |  28.6 |      22 |       2 |   8.3
            +---------+---------+-------+---------+---------+-------
